 Dungeon Sprint DCSS version 0.28-a0-313-gbc0475efdd (webtiles) character file.

Game seed: 3171769179815097269

1489 Ankalagon the Severer (level 8, -4/124 HPs)
             Began as a Hill Orc Gladiator on Aug 31, 2021.
             Slain by a manticore (8 damage)
             ... summoned by Kirke
             ... in the Dungeon (Sprint II: "The Violet Keep of Menkaure").
             The game lasted 00:03:38 (720 turns).

Ankalagon the Severer (Hill Orc Gladiator)           Turns: 720, Time: 00:03:38

Health: -4/124     AC: 24    Str: 17    XL:     8   Next: 80%
Magic:  8/8        EV:  2    Int:  8    God:
Gold:   559        SH:  0    Dex: 14    Spells: 7/7 levels left

rFire   . . .      SeeInvis .   a - +0 war axe
rCold   . . .      Faith    .   (no shield)
rNeg    + + +      Spirit   .   (armour currently unavailable)
rPois   +          Reflect  .   (helmet currently unavailable)
rElec   .          Harm     .   (cloak currently unavailable)
rCorr   .          Rampage  .   (gloves currently unavailable)
Will    .....      NoTele   +   (boots currently unavailable)
Stlth   +.........              (no amulet)
HPRegen 0.30/turn               (no ring)
MPRegen 0.11/turn               (no ring)

@: tree-form
A: stationary, stasis, torment immunity, boosted hp, (deformed body)
a: no special abilities


You were in the Dungeon.
You were a tree.
You visited 1 branch You collected 972 gold pieces.
You spent 413 gold pieces at shops.

Inventory:

Hand Weapons
 a - a +0 war axe (weapon)
Missiles
 d - 2 throwing nets (quivered)
Armour
 b - a +0 leather armour (melded)
 c - a +0 helmet (melded)
Scrolls
 j - a scroll of blinking
Potions
 e - 3 potions of curing
 h - 2 potions of magic
 i - 2 potions of lignification


   Skills:
 + Level 12.0 Fighting
 - Level 16.0 Axes
 - Level 1.7 Throwing
 + Level 8.9 Dodging


You had 7 spell levels left.
You didn't know any spells.
Your spell library was empty.

Dungeon Overview and Level Annotations

Branches:
Dungeon (1/1)

Altars:

Shops:
D ![:!?=(([(:==!*

Annotations:
D exclusion: oklob plant, Kirke


Innate Abilities, Weirdness & Mutations

You are a tree.
Your roots penetrate the ground, keeping you stationary.
You cannot be teleported.
You are immune to unholy pain and torment.
Your maximum health is greatly increased.
Your equipment is partially melded.
((Armour fits poorly on your strangely shaped body.))


Message History

You slash the manticore! The manticore bites you!
* * * LOW HITPOINT WARNING * * *
The manticore claws you!
* * * LOW HITPOINT WARNING * * *
The manticore claws you.
* * * LOW HITPOINT WARNING * * *
You barely miss Kirke.
Kirke is moderately wounded.
You hit the manticore but do no damage. Kirke hits you but does no damage.
The manticore bites you but does no damage.
The manticore claws you but does no damage. x2
You feel much better. Kirke hits you!
* * * LOW HITPOINT WARNING * * *
The manticore bites you but does no damage.
The manticore claws you but does no damage. x2
You slash Kirke!
Kirke is heavily wounded.
You slash the manticore! Kirke hits you.
* * * LOW HITPOINT WARNING * * *
You slash Kirke!
Kirke is heavily wounded.
You hit the manticore. The manticore bites you!
* * * LOW HITPOINT WARNING * * *
The manticore claws you but does no damage. x2
Kirke hits you but does no damage.
You hit Kirke.
Kirke is heavily wounded.
You closely miss the manticore. The manticore barely misses you.
The manticore claws you.
* * * LOW HITPOINT WARNING * * *
The manticore claws you!
* * * LOW HITPOINT WARNING * * *
You slash Kirke!
Kirke is severely wounded.
You slash the manticore! Kirke hits you but does no damage.
The manticore bites you but does no damage.
The manticore claws you.
* * * LOW HITPOINT WARNING * * *
The manticore claws you!
You die...

*,,,,*,,,..≈##≈≈≈≈○○≈**,≈
############≈≈#+++#+++#***
###########≈≈≈.........*,,
##........#≈≈≈≈.##+#*..*,,
##....⌠...#≈≈≈≈###.###.###
##...∩.∩..#z≈≈≈#..#..#,...
##..∩.∩.∩.#Y≈####.#.###*..
##.∩...∩.∩#K##.###'###.##.
##∩.∩...∩♣#c#..÷##.###..#.
##.∩...÷.H@c'##.'.<.'##.'.
##∩.......#≈#...##.##.#.#.
#▓▓▓▓▓▓▓###≈##.###'###.##.
##hSh######≈≈####.).####≈≈
#)SS#ll+,##≈≈≈#..#..#≈≈§≈
#∩Ph+l.#+*#'#≈##...##≈≈≈§
#$.$#[##z*#.#≈≈##'##≈≈§§≈
#$..###z≈,####≈≈≈≈≈≈≈≈≈≈§


You could see Kirke, a yaktaur captain, an elephant, a skeletal warrior, an
oklob plant, a centaur warrior, a manticore (summoned), a kobold demonologist, 3
water moccasins and 3 black bears.

Vanquished Creatures
  A merfolk siren (D)
  A blink frog (D)
  2 neqoxecs (D)
  A water moccasin (D)
  4 necrophages (D)
  4 scorpions (D)
13 creatures vanquished.

Vanquished Creatures (others)
  A great orb of eyes (D)
  Menkaure (D)
  A water moccasin (D)
3 creatures vanquished.

Grand Total: 16 creatures vanquished

Notes
Turn   | Place    | Note
-------+----------+-------------------------------------------
     0 | D        | Ankalagon the Hill Orc Gladiator began the quest for the
                  | Orb.
     0 | D        | Reached XP level 1. HP: 18/18 MP: 1/1
     1 | D        | Noticed a scorpion
     1 | D        | Noticed a scorpion
     1 | D        | Noticed a scorpion
     1 | D        | Noticed a scorpion
     6 | D        | Killed a scorpion
     7 | D        | Reached skill level 10 in Axes
     7 | D        | Reached XP level 2. HP: 25/25 MP: 2/2
     7 | D        | Reached XP level 3. HP: 30/30 MP: 3/3
    11 | D        | Killed a scorpion
    12 | D        | Reached skill level 12 in Axes
    12 | D        | Reached XP level 4. HP: 37/37 MP: 4/4
    12 | D        | Reached XP level 5. HP: 42/42 MP: 5/5
    17 | D        | Reached skill level 14 in Axes
    18 | D        | Reached skill level 15 in Axes
    18 | D        | Reached XP level 6. HP: 50/50 MP: 6/6
    38 | D        | Killed a water moccasin
    44 | D        | Killed Menkaure
    50 | D        | Noticed a merfolk siren
    70 | D        | Killed a merfolk siren
    71 | D        | Reached skill level 16 in Axes
    71 | D        | Reached skill level 5 in Dodging
    71 | D        | Reached XP level 7. HP: 38/67 MP: 7/7
   207 | D        | Noticed an obsidian statue
   210 | D        | Found Nioce's General Store.
   211 | D        | Found Jeasmah's Jewellery Shoppe.
   212 | D        | Found Vodwef's Book Emporium.
   213 | D        | Found Foeq Aqi's Antique Armour Shoppe.
   214 | D        | Found Vikhlagoera's Antique Weapon Shoppe.
   214 | D        | Found Ybromoil's Weapon Emporium.
   215 | D        | Found Tiseczen's Antique Weapon Shoppe.
   215 | D        | Found Egecsaxiar's Jewellery Emporium.
   215 | D        | Found Weylayli's Jewellery Emporium.
   216 | D        | Found Koasuif's Distillery.
   218 | D        | Found Giptimay's Magic Scroll Shoppe.
   218 | D        | Found Vinops's Distillery.
   218 | D        | Noticed an oklob plant
   230 | D        | Found Oppepno's Antique Armour Shoppe.
   230 | D        | Found Riytuer's Distillery.
   230 | D        | Found Kuta's Book Shoppe.
   241 | D        | Noticed a wyvern
   242 | D        | Noticed a wyvern
   243 | D        | Noticed a wyvern
   245 | D        | Noticed a flying skull
   245 | D        | Noticed a flying skull
   257 | D        | Bought a potion of curing for 30 gold pieces
   257 | D        | Bought a potion of curing for 30 gold pieces
   257 | D        | Bought a potion of heal wounds for 50 gold pieces
   257 | D        | Bought a potion of heal wounds for 50 gold pieces
   257 | D        | Bought a potion of lignification for 30 gold pieces
   263 | D        | Bought a potion of heal wounds for 65 gold pieces
   263 | D        | Bought a potion of lignification for 39 gold pieces
   263 | D        | Bought a potion of lignification for 39 gold pieces
   276 | D        | Noticed a blink frog
   294 | D        | Killed a blink frog
   295 | D        | Reached XP level 8. HP: 60/79 MP: 8/8
   339 | D        | Reached skill level 10 in Fighting
   349 | D        | Gained mutation: Armour fits poorly on your strangely
                  | shaped body. [a neqoxec]
   684 | D        | Noticed a centaur warrior
   684 | D        | Noticed Kirke
   684 | D        | Noticed a kobold demonologist
   684 | D        | Noticed a yaktaur captain
   695 | D        | Bought a potion of cancellation for 80 gold pieces
   701 | D        | Noticed an ice devil
   704 | D        | Noticed an elephant
   709 | D        | Noticed a manticore
   709 | D        | Killed a great orb of eyes
   711 | D        | Noticed a skeletal warrior
   719 | D        | HP: 4/124 [manticore[Kirke] (8)]
   720 | D        | Slain by a manticore

Illustrated notes

Levels and vault maps discovered:
D:        the_violet_keep_of_menkaure [sprint2_stairs_cluster_1,
          sprint2_shoproom, sprint2_temple, sprint2_basic_supplies,
          sprint2_obstacle_3, sprint2_obstacle_5, sprint2_obstacle_2,
          sprint2_obstacle_1, sprint2_obstacle_6, sprint2_timed_cluster_1,
          sprint2_smallroom_cluster_1, sprint2_smallroom_final_cluster_1,
          sprint2_transparent_cluster_1, sprint2_second_timed_cluster_1,
          sprint2_sniper_area_1, sprint2_heavy_combat_area_1,
          sprint2_mutation_trap_area_1, sprint2_forest_area_1,
          sprint2_light_combat_area_1, sprint2_behind_water_1,
          sprint2_near_end_vault_1]

Skill      XL: |  1  2  3  4  5  6  7  8 |
---------------+-------------------------+-----
Axes           | 10 12 15 16 | 16.0
Fighting       | 7 9 12 | 12.0
Dodging        | 5 7 8 |  8.9
Throwing       | |  1.7

Action                   |  1- 3 |  4- 6 |  7- 9 || total
-------------------------+-------+-------+-------++-------
Melee: War axe           |     8 |    22 |    77 ||   107
Throw: Throwing net      |       |     3 |       ||     3
  Use: Potion            |     1 |       |     7 ||     8
       Scroll            |       |       |     1 ||     1
 Stab: Held in net/web   |       |     1 |       ||     1
Armor: Leather armour    |     2 |       |     3 ||     5
       Skin              |       |       |    27 ||    27
Dodge: Dodged            |     3 |     1 |    23 ||    27

Table legend: (Time is in decaauts)
 A = Elapsed time spent in this place.
 B = Non-inter-level travel time spent in this place.
 C = Inter-level travel time spent in this place.
 D = Time resting spent in this place.
 E = Time spent auto-exploring this place.
 F = Levels seen in this place.
 G = Mean time per level.
                   A        B        C        D        E       F      G
               +--------+--------+--------+--------+--------+-----+--------+
         Total |    706 |    706 |      0 |    423 |     14 |   1 |  706.0 |
       Dungeon |    706 |    706 |      0 |    423 |     14 |   1 |  706.0 |
               +--------+--------+--------+--------+--------+-----+--------+

Top non-repeatable levels by time:
       D: 706 daAuts
